 Dungeon Crawl Stone Soup version 0.30-a0-862-g1aabd4f9c5 (webtiles) character file.

Game seed: 13216427276709990905

16080 dolemite99 the Magician (level 12, -6/91 HPs)
             Began as a Djinni Necromancer on Mar 9, 2023.
             Was a Priest of Ashenzari.
             Killed by the air
             ... invoked by a wind drake
              (17 damage)
             ... on level 3 of the Lair of Beasts.
             The game lasted 00:34:26 (18442 turns).

dolemite99 the Magician (Djinni Necromancer)       Turns: 18442, Time: 00:34:27

Health: -6/91      AC: 10    Str:  7    XL:     12   Next: 65%
Gold:   515        EV: 25    Int: 21    God:    Ashenzari [***...] SH: 16 Dex: 15

rFire   + + .      SeeInvis +    T - staff of cold
rCold   . . .      Faith    .    l - +0 kite shield
rNeg    . . .      Spirit   .    J - +2 robe {Will+}
rPois   ∞          Reflect  +    s - +2 helmet of the Cosmic Idealism {Self, Melee} (curse)
rElec   .          Rampage  .    F - +0 cloak "Lashed With Me" {Cun, Fort} (curse)
rCorr   .          Clarity  +    h - +1 pair of gloves of the Fated Autotheism {Self, Melee} (curse)
Will    ++...                    (boots unavailable)
Stlth   ++                       c - amulet of the Eternal Vision {Reflect SH+5, Evo, Melee} (curse)
HPRegen 0.35/turn                u - ring of the Pangnostic Gloom {EV+5, Range, Fort} (curse)
MPRegen 0.00/turn                U - +5 ring of evasion

@: forested, flying
A: sickness immunity, fire resistance 2, cold vulnerability 1, float, innate
caster, HP casting, extra vitality 1
a: Renounce Religion, Curse Item, Shatter the Chains


You were on level 3 of the Lair of Beasts.
You worshipped Ashenzari.
Ashenzari was most pleased with you.
You visited 3 branches of the dungeon, and saw 15 of its levels.
You visited 1 bazaar.
You also visited: Ossuary.

You collected 966 gold pieces.
You spent 451 gold pieces at shops.

Inventory:

Hand Weapons
 a - a +6 long sword
 t - a +2 demon whip of venom
Missiles
 y - a curare-tipped dart
 D - 2 atropa-tipped darts
 G - 33 poisoned darts (quivered)
 O - 7 javelins
 R - 2 boomerangs
Armour
 d - a +0 ring mail of cold resistance
 h - the cursed +1 pair of gloves of the Fated Autotheism (worn) {Self, Melee}
   (You found it on level 1 of the Dungeon)

   It has a curse which improves the following skills: Introspection: Fighting
   and Spellcasting.
   Melee Combat: Short Blades, Long Blades, Axes, Maces & Flails, Polearms,
   Staves and Unarmed Combat.
 j - a +0 troll leather armour
 l - a +0 kite shield (worn)
 s - the cursed +2 helmet of the Cosmic Idealism (worn) {Self, Melee}
   (You found it on level 4 of the Dungeon)

   It has a curse which improves the following skills: Introspection: Fighting
   and Spellcasting.
   Melee Combat: Short Blades, Long Blades, Axes, Maces & Flails, Polearms,
   Staves and Unarmed Combat.
 E - a +2 robe of cold resistance
 F - the cursed +0 cloak "Lashed With Me" (worn) {Cun, Fort}
   (You found it on level 6 of the Dungeon)

   It has a curse which improves the following skills: Cunning: Dodging and
   Stealth.
   Fortitude: Armour and Shields.
 J - a +2 robe of willpower (worn)
Magical Staves
 m - a staff of poison
 K - a staff of fire
 T - a staff of cold (weapon)
Jewellery
 c - the cursed amulet of the Eternal Vision (around neck) {Reflect SH+5, Evo, Melee}
   (You found it on level 8 of the Dungeon)

   [amulet of reflection]

   It reflects blocked missile attacks.
   SH:        It affects your SH (+5).
   It has a curse which improves the following skills: Evocations: Evocations.
   Melee Combat: Short Blades, Long Blades, Axes, Maces & Flails, Polearms,
   Staves and Unarmed Combat.
 k - a ring of ice
 o - a ring of protection from fire
 u - the cursed ring of the Pangnostic Gloom (left hand) {EV+5, Range, Fort}
   (You found it on level 4 of the Dungeon)

   [ring of evasion]

   EV:        It affects your evasion (+5).
   It has a curse which improves the following skills: Ranged Combat: Ranged
   Weapons and Throwing.
   Fortitude: Armour and Shields.
 U - a +5 ring of evasion (right hand)
Scrolls
 i - 5 scrolls of blinking
 n - a scroll of amnesia
 r - a scroll of enchant weapon
 A - 2 scrolls of magic mapping
 B - 9 scrolls of teleportation
 H - a scroll of noise
 L - 2 scrolls of fog
 Q - a scroll of poison
Potions
 b - 2 potions of flight
 e - a potion of ambrosia
 f - 3 potions of resistance
 g - 2 potions of attraction
 p - 2 potions of mutation
 q - a potion of brilliance
 v - a potion of lignification
 w - 4 potions of degeneration
 x - a potion of might
 z - 2 potions of berserk rage
 C - 5 potions of curing
 P - a potion of cancellation
Miscellaneous
 N - a tin of tremorstones (inert)


   Skills:
 + Level 7.4(9.9) Fighting
 - Level 5.8(9.0) Long Blades
 - Level 6.4(9.7) Maces & Flails
 - Level 5.6(7.2) Throwing
 - Level 6.9(8.6) Dodging
 - Level 1.5(2.7) Stealth
 - Level 5.8(8.3) Shields
 + Level 7.5(10.0) Spellcasting
 - Level 6.3(7.9) Evocations


You knew the following spells:

 Your Spells              Type           Power      Damage    Failure   Level
a - Necrotise             Necr           100%       1d9       1%          1
b - Vampiric Draining     Necr           52%        2d9       1%          3
c - Summon Forest         Summ/Tloc      26%        N/A       7%          5
d - Agony                 Necr           52%        N/A       7%          5
e - Call Imp              Summ           52%        N/A       1%          2
f - Wereblood             Tmut           52%        N/A       1%          2
g - Shock                 Conj/Air       100%       1d9       1%          1
h - Confusing Touch       Hex            52%        N/A       1%          3
z - Animate Dead          Necr           52%        N/A       2%          4
Your spell library was empty.

Dungeon Overview and Level Annotations

Branches:
Dungeon (11/15)            Temple (1/1) D:4            Lair (3/5) D:8
 Spider (0/4) Lair:2      Ossuary (visited)
  Swamp: Lair:2-3    Shoals: Lair:2-3       Orc: D:9-12

Altars:
Ashenzari
Cheibriados
Dithmenos
Elyvilon
Fedhas
Gozag
Hepliaklqana
Makhleb
Nemelex Xobeh
Okawaru
Qazlal
Ru
Trog
Uskayaw
Wu Jian
Xom
Yredelemnul
Zin
The Shining One

Shops:
D:10 *

Annotations:
D:11 3 runed translucent doors, luigi's ghost, journeyman DsFE


Innate Abilities, Weirdness & Mutations

You are immune to sickness and miasma.
You are immune to poison.
Your flesh is very heat resistant. (rF++)
You are vulnerable to cold. (rC-)
You float through the air rather than walking.
You learn spells naturally, not from books.
Your magical power is your life essence.
You have superior vitality. (+4 MHP)


Message History

Casting: Necrotise (safe; 1% risk of failure)
Confirm with . or Enter, or press ? or * to list all spells.
Aiming: Vampiric Draining (safe; 1% risk of failure)
Press: ? - help, Shift-Dir - straight line, f/p - rime drake
Aim: a rime drake (moderately wounded, catching its breath)
You draw life force from the rime drake!
You feel life coursing into your body.
The wind drake seems to regain its courage.
Tree limbs sway around you.
A tree reaches out and hits the rime drake!
The wind drake flaps its wings at you. The air twists around and strikes you!
The rime drake misses you.
Casting: Vampiric Draining (safe; 1% risk of failure)
Confirm with . or Enter, or press ? or * to list all spells.
Aiming: Vampiric Draining (safe; 1% risk of failure)
Press: ? - help, Shift-Dir - straight line, f/p - rime drake
Aim: a rime drake (almost dead)
You draw life force from the rime drake!
You kill the rime drake!
You feel life coursing into your body.
Trunks creak and shift.
Cornered, the wind drake turns to fight!
The wind drake flaps its wings at you. The air twists around and strikes you.
Okay, then.
What are your orders? t - Shout!
Orders for allies: a - Attack new target. r - Retreat! s - Stop attacking. g - Guard the area. f - Follow me.
Anything else - Cancel.
Follow me!
Trunks creak and shift.
The wind drake flaps its wings at you. The air twists around and strikes you!!
* * * LOW HITPOINT WARNING * * *
The wind drake looks more healthy.
The wind drake flaps its wings at you. The air twists around and strikes you!
You die...

,, ,, .H.. * *
...., ..((, * * ,
#...# *#.(#**
#.k..* #.(♣# *
.....###R..#♣#♣.*
* ...............
, ,...........♣♣..
, *..* *
,#.........♣ , *
*.. * *#.@♣###.#.♣
* *#.,* ##..#* *,
* #.### ###...##.
#.#.###..#...P....
#.................
,
#..#.♣#♣#.♣##.##.#
,,*,, #...## #♣#
♣# # * *, * #..##
** ##..# ### ###


You could see a wind drake (repels missiles) and a friendly dryad (summoned).

Vanquished Creatures
  Fannar (D:11)
  A hydra (Lair:2)
  Amaemon (D:8)
  An orb spider (Lair:2)
  A deep elf pyromancer (D:11)
  An ugly thing (D:11)
  2 cane toads
  An orange demon (D:8)
  A rime drake (Lair:3)
  3 komodo dragons
  A troll (D:11)
  A polar bear (Lair:2)
  Prince Ribbit (D:6)
  A shadow (D:11)
  10 yaks
  Sigmund (D:6)
  A vampire mosquito (D:11)
  2 steam dragons
  Grum (D:9)
  Menkaure (D:6)
  7 water moccasins
  An ice beast (D:7)
  2 black bears
  2 orc warriors (D:9)
  2 sky beasts (D:8)
  2 ogres
  5 wolves
  2 centaurs
  A phantom (D:6)
  3 kobold brigands
  7 bullfrogs
  2 gnoll sergeants
  A scorpion (D:6)
  3 howler monkeys
  7 orc priests
  2 hounds (D:6)
  5 iguanas
  2 jellies
  A sleepcap (D:7)
  Jessica (D:2)
  2 hell rats (Lair:1)
  6 orc wizards
  7 adders
  10 gnolls
  A worm (D:3)
  A dart slug (D:1)
  34 orcs
  5 endoplasms
  A giant cockroach (D:4)
  7 goblins
  4 hobgoblins
  7 jackals
  3 quokkas
  6 ball pythons
  6 bats
  5 frilled lizards
  17 kobolds
  2 rats
215 creatures vanquished.

Vanquished Creatures (collateral kills)
  Urug (Lair:1)
  A cane toad (Lair:1)
  A hornet (D:9)
  3 wraiths
  8 yaks
  A steam dragon (D:10)
  3 vampire mosquitoes (D:11)
  4 wolves
  A phantom (D:6)
  A gnoll sergeant (D:11)
  A scorpion (D:4)
  5 wights (D:8)
  A howler monkey (D:10)
  2 hell rats (Lair:1)
  3 gnolls (D:11)
  A shadow imp (D:5)
  A dart slug (D:1)
  2 orcs
  A ball python (D:3)
  A giant cockroach (D:1)
  A hobgoblin (D:3)
  A kobold (D:1)
44 creatures vanquished.

Vanquished Creatures (others)
  A cane toad zombie (Lair:1)
  4 vampire mosquito zombies (D:11)
  A yak zombie (Lair:1)
  4 wolf zombies
  A centaur zombie (D:10)
  An orc wizard (D:9)
  2 hell rat zombies (Lair:1)
  2 howler monkey zombies (D:10)
  5 orc zombies
  2 kobold zombies (D:8)
  13 fungi
  32 plants
  A snaplasher vine (Lair:3)
69 creatures vanquished.

Grand Total: 328 creatures vanquished

Notes
Turn   | Place    | Note
-------+----------+-------------------------------------------
     0 | D:1      | dolemite99 the Djinni Necromancer began the quest for the
                  | Orb.
     0 | D:1      | dolemite99 set off with the following spells memorised:
                  | Necrotise, Vampiric Draining, Animate Dead, Agony.
     0 | D:1      | Reached XP level 1. HP: 15/15 MP: 0/0
    68 | D:1      | Found a faded altar of an unknown god.
   249 | D:1      | Prayed at the altar of an unknown god.
   249 | D:1      | Became a worshipper of Elyvilon the Healer
   249 | D:1      | Reached * piety under Elyvilon
   259 | D:1      | Fell from the grace of Elyvilon
   281 | D:1      | Reached XP level 2. HP: 19/21 MP: 0/0
   876 | D:1      | Reached XP level 3. HP: 21/25 MP: 0/0
   876 | D:1      | Learned a level 1 spell: Shock
  1637 | D:2      | Reached XP level 4. HP: 30/31 MP: 0/0
  1994 | D:2      | Noticed Jessica
  2008 | D:2      | Killed Jessica
  2508 | D:3      | Reached XP level 5. HP: 32/35 MP: 0/0
  2508 | D:3      | Learned a level 2 spell: Wereblood
  3057 | D:3      | Reached skill level 5 in Spellcasting
  3418 | D:3      | Found a stormy altar of Qazlal.
  3568 | D:3      | Found a sparkling altar of Nemelex Xobeh.
  3702 | D:4      | Found a hazy altar of Hepliaklqana.
  3935 | D:4      | Reached XP level 6. HP: 30/40 MP: 0/0
  3983 | D:4      | Found a staircase to the Ecumenical Temple.
  3996 | Temple   | Entered the Ecumenical Temple
  4030 | Temple   | Became a worshipper of Ashenzari the Shackled
  4052 | D:4      | Noticed an ogre
  4079 | D:4      | Killed an ogre
  4602 | D:5      | Entered Level 5 of the Dungeon
  4702 | D:5      | Reached XP level 7. HP: 43/46 MP: 0/0
  4702 | D:5      | Learned a level 2 spell: Call Imp
  4734 | D:5      | Identified the +9 chain mail of Absence {rN+ Regen+ rCorr
                  | Dex+3}
  4751 | D:5      | Reached skill level 1 in Fighting
  4919 | D:5      | Noticed a water moccasin
  4930 | D:5      | Killed a water moccasin
  6031 | D:6      | Reached XP level 8. HP: 55/58 MP: 0/0
  6134 | D:6      | Reached skill level 5 in Long Blades
  6260 | D:6      | Noticed Prince Ribbit
  6271 | D:6      | Noticed Menkaure
  6280 | D:6      | Killed Menkaure
  6281 | D:6      | Reached skill level 5 in Fighting
  6281 | D:6      | Reached XP level 9. HP: 59/65 MP: 0/0
  6281 | D:6      | Learned a level 3 spell: Confusing Touch
  6282 | D:6      | Killed Prince Ribbit
  6509 | D:6      | Noticed Sigmund
  7240 | D:6      | Killed Sigmund
  7964 | D:7      | Reached * piety under Ashenzari
  8234 | D:7      | Reached skill level 1 in Throwing
  8450 | D:8      | Reached XP level 10. HP: 75/76 MP: 0/0
  8532 | D:8      | Found a sand-covered staircase.
  8536 | Ossuary  | Entered an ossuary
  8626 | D:8      | Reached ** piety under Ashenzari
  8929 | D:8      | Noticed Amaemon
  8929 | D:8      | Noticed an orange demon
  8955 | D:8      | Killed Amaemon
  8960 | D:8      | Killed an orange demon
  8961 | D:8      | Reached skill level 5 in Throwing
  9295 | D:8      | Found a staircase to the Lair.
  9526 | D:8      | Reached skill level 1 in Maces & Flails
  9689 | D:8      | Found a shimmering altar of Xom.
 10249 | D:9      | Found an ornate altar of the Wu Jian Council.
 10304 | D:9      | Noticed Grum
 10328 | D:9      | Killed Grum
 10960 | D:10     | Entered Level 10 of the Dungeon
 11005 | D:10     | Reached skill level 5 in Maces & Flails
 11167 | D:10     | Found the +8 orange crystal plate armour {Archmagi, Int+3
                  | Clar}
 11442 | D:10     | Reached XP level 11. HP: 81/81 MP: 0/0
 11442 | D:10     | Learned a level 5 spell: Summon Forest
 11796 | D:10     | Found Idoi's Changing Room.
 11852 | Lair:1   | Entered Level 1 of the Lair of Beasts
 11871 | Lair:1   | Reached skill level 1 in Evocations
 12134 | Lair:1   | Reached skill level 5 in Evocations
 12411 | Lair:1   | Reached *** piety under Ashenzari
 12572 | Lair:1   | Identified the +2 scale mail "Isoulois" {rPois Will+ MP+9
                  | Str-4}
 12736 | Lair:1   | Noticed Urug
 12750 | Lair:1   | Killed Urug
 13167 | Lair:2   | Reached skill level 5 in Dodging
 13398 | Lair:2   | Noticed an eight-headed hydra
 13407 | Lair:2   | Killed an eight-headed hydra
 13408 | Lair:2   | Reached XP level 12. HP: 79/90 MP: 0/0
 13734 | D:8      | Found a shadowy altar of Dithmenos.
 14524 | D:11     | Reached skill level 1 in Shields
 14625 | D:11     | Noticed Fannar
 14663 | D:11     | Found a flickering gateway to a bazaar.
 14674 | Bazaar   | Entered a bazaar
 14674 | Bazaar   | Found Remo Xaa's Book Emporium.
 14674 | Bazaar   | Found Loaliduyl's Book Shoppe.
 14710 | Bazaar   | Found Komyt's Distillery.
 14745 | Bazaar   | Found Carey's Armour Shoppe.
 14753 | Bazaar   | Bought a +0 ring mail of cold resistance for 121 gold
                  | pieces
 14833 | Bazaar   | Bought a potion of curing for 30 gold pieces
 14833 | Bazaar   | Bought a potion of curing for 30 gold pieces
 14833 | Bazaar   | Bought a potion of curing for 30 gold pieces
 14833 | Bazaar   | Bought a potion of curing for 30 gold pieces
 14833 | Bazaar   | Bought a potion of curing for 30 gold pieces
 14833 | Bazaar   | Bought a potion of haste for 100 gold pieces
 14833 | Bazaar   | Bought a potion of mutation for 80 gold pieces
 15847 | D:11     | Found a runed translucent gate.
 15847 | D:11     | Found a runed translucent gate.
 15849 | D:11     | Found a runed translucent gate.
 15850 | D:11     | Noticed luigi's ghost (journeyman DsFE)
 15965 | D:11     | Killed Fannar
 15966 | D:11     | Reached skill level 5 in Shields
 16826 | Lair:2   | Found a hole to the Spider Nest.
 16826 | Lair:2   | Noticed an orb spider
 17993 | Lair:2   | Killed an orb spider
 18442 | Lair:3   | Killed from afar by a wind drake

Illustrated notes

Levels and vault maps discovered:
D:1:      minmay_arrival_arboretum_small, layout_basic,
          nicolae_ecumenical_snake_handling, nicolae_titane
D:2:      layout_basic, serial_bayou_pond_c, uniq_jessica
D:3:      layout_rooms, lemuel_coloured_pillars_altar, general_overflow_altar
D:4:      layout_basic, nicolae_hepliaklqana_hazy_memory,
          minmay_temple_entry_butterflies
D:5:      layout_loops_ring, mainiacjoe_overflow_alcove_2
D:6:      layout_cave_pods, chequers_serial_rivers_small_3, uniq_prince_ribbit1,
          uniq_sigmund, uniq_menkaure
D:7:      layout_basic, enter_bailey_3
D:8:      layout_layer_cave, grunt_dithmenos_smoke_and_mirrors,
          old_standard_altar, dpeg_oklobed_lair, enter_ossuary_5,
          grunt_ministairs_11, hangedman_decor_peaks_small, uniq_amaemon
D:9:      layout_cave_pods, nicolae_wu_jian_wuxing_cycle, uniq_grum
D:10:     minmay_skewed_foursquare, layout_irregular_city,
          nicolae_transmutations_shop, grunt_ministairs_1
D:11:     layout_basic, serial_shops, bzr_entry_gold, gammafunk_ghost_spectres,
          uniq_fannar
Temple:   hellmonk_temple_of_storms
Lair:1:   layout_regular_city, serial_bayou_crossing, uniq_urug
Lair:2:   layout_regular_city, nicolae_spider_entry_orb_guardian
Lair:3:   layout_small_grid, minmay_shoals_entry_beasts,
          minmay_lair_oklob_bushes, infiniplex_staircase_pool

Skill      XL: |  1  2  3  4  5  6  7  8  9 10 11 12 |
---------------+-------------------------------------+-----
Spellcasting   | 4 5 6 7 |  7.5
Fighting       | 4 5 7 |  7.4
Long Blades    | 5 |  5.8
Throwing       | 2 5 |  5.6
Maces & Flails | 5 6 |  6.4
Evocations     | 6 |  6.3
Dodging        | 6 |  6.9
Shields        | 5 |  5.8
Stealth        | |  1.5

Action                     |  1- 3 |  4- 6 |  7- 9 | 10-12 || total
---------------------------+-------+-------+-------+-------++-------
  Melee: Unarmed           |     1 |       |       |       ||     1
         Trident           |     4 |     1 |     8 |       ||    13
         Whip              |       |     9 |     6 |       ||    15
         Falchion          |       |       |    11 |       ||    11
         Staff             |       |       |     4 |    37 ||    41
         Long sword        |       |       |       |     2 ||     2
         Punch             |       |       |       |     1 ||     1
  Throw: Dart              |       |     3 |    25 |    76 ||   104
   Cast: Necrotise         |    51 |    87 |   114 |   142 ||   394
         Vampiric Draining |       |     9 |    52 |   120 ||   181
         Call Imp          |       |       |     4 |     2 ||     6
         Shock             |       |       |    14 |    17 ||    31
         Animate Dead      |       |       |     1 |    13 ||    14
         Wereblood         |       |       |       |     3 ||     3
         Summon Forest     |       |       |       |    16 ||    16
         Agony             |       |       |       |     3 ||     3
 Invoke: Renounce Religion |     1 |       |       |       ||     1
         Curse Item        |       |       |     2 |     3 ||     5
  Evoke: Wand              |       |       |     7 |    19 ||    26
         Tin of tremorston |       |       |       |     2 ||     2
    Use: Scroll            |     3 |       |    10 |     7 ||    20
         Potion            |       |     2 |       |     8 ||    10
 Armour: Robe              |     7 |    15 |    25 |    51 ||    98
  Dodge: Dodged            |    18 |    42 |    76 |   221 ||   357
  Block: Kite shield       |       |       |       |    49 ||    49

Table legend: (Time is in decaauts)
 A = Elapsed time spent in this place.
 B = Non-inter-level travel time spent in this place.
 C = Inter-level travel time spent in this place.
 D = Time resting spent in this place.
 E = Time spent auto-exploring this place.
 F = Levels seen in this place.
 G = Mean time per level.
                   A        B        C        D        E       F      G
               +--------+--------+--------+--------+--------+-----+--------+
         Total |  18392 |  17764 |    628 |   6422 |   7920 |  17 | 1081.9 |
       Dungeon |  14580 |  14079 |    501 |   5097 |   6324 |  11 | 1325.5 |
        Temple |     45 |     43 |      2 |      0 |      8 |   1 |   45.0 |
          Lair |   3544 |   3420 |    124 |   1311 |   1557 |   3 | 1181.3 |
        Bazaar |    210 |    210 |      0 |     13 |     31 |   1 |  210.0 |
       Ossuary |     10 |     10 |      0 |      0 |      0 |   1 |   10.0 |
               +--------+--------+--------+--------+--------+-----+--------+

Top non-repeatable levels by time:
  Lair:2: 2139 daAuts
     D:8: 2064 daAuts
    D:11: 1981 daAuts
     D:6: 1729 daAuts
     D:2: 1555 daAuts
     D:1: 1392 daAuts
     D:5: 1385 daAuts
  Lair:1: 1314 daAuts
     D:9: 1265 daAuts
     D:4: 881 daAuts
    D:10: 878 daAuts
     D:3: 730 daAuts
     D:7: 715 daAuts
  Bazaar: 210 daAuts
  Lair:3: 90 daAuts
